 Dungeon Crawl Stone Soup version 0.20-a0-449-g96be121 (webtiles) character file.

9 Amnesiac the Vexing (level 2, 0/19 HPs)
             Began as a Mummy Enchanter on Jan 8, 2017.
             Slain by a gnoll
             ... wielding a cursed -1 spear
              (4 damage)
             ... on level 3 of the Dungeon.
             The game lasted 00:02:00 (874 turns).

Amnesiac the Vexing (Mummy Enchanter)                Turns: 874, Time: 00:02:00

Health: 0/19       AC:  2    Str: 11    XL:     2   Next: 6%
Magic:  4/6        EV: 12    Int: 14    God:
Gold:   44         SH:  0    Dex: 12    Spells: 4/7 levels left

rFire  x . .     SeeInvis .     a - +1 dagger
rCold  + . .     Gourm    .     b - +0 robe
rNeg   + + +     Faith    .     (no shield)
rPois  ∞         Spirit   .     (no helmet)
rElec  .         Reflect  .     (no cloak)
rCorr  .         Harm     .     (no gloves)
MR     .....                    (no boots)
Stlth  ++........               (no amulet)
                                (no ring)
                                (no ring)

@: no status effects
A: no food or potions, fire vulnerability, cold resistance 1, negative energy
resistance 3, torment resistance, unbreathing
a: no special abilities


You were on level 3 of the Dungeon.
You were not hungry.

You visited 1 branch of the dungeon, and saw 3 of its levels.

You collected 44 gold pieces.

Inventory:

Hand Weapons
 a - a +1 dagger (weapon)
Armour
 b - a +0 robe (worn)
 d - a cursed +0 buckler
Scrolls
 e - 2 scrolls of identify {unknown}
Books
 c - a book of Maledictions

   Spells                             Type                      Level
   a - Corona                         Hexes                        1
   b - Ensorcelled Hibernation        Hexes/Ice                    2
   c - Confuse                        Hexes                        3
   d - Tukima's Dance                 Hexes                        3
   e - Dazzling Spray                 Conjuration/Hexes            3


   Skills:
 - Level 0.7 Short Blades
 - Level 1.5 Dodging
 - Level 2.4 Stealth
 + Level 3.0 Spellcasting
 * Level 3.1 Hexes


You had 4 spell levels left.
You knew the following spells:

 Your Spells              Type           Power        Failure   Level  Hunger
f - Corona                Hex            ##.....      10%         1    N/A
z - Ensorcelled Hibernat  Hex/Ice        #.....       21%         2    N/A

Dungeon Overview and Level Annotations

Branches:
Dungeon (3/15)

Altars:

Annotations:
D:2 exclusion: adder


Innate Abilities, Weirdness & Mutations

You do not eat or drink.
Your flesh is vulnerable to fire.
You are immune to poison.
Your flesh is cold resistant. (rC+)
You are immune to negative energy. (rN+++)
You are immune to unholy pain and torment.
You can survive without breathing.


Message History

You open the door.
An orc and 2 orc wizards come into view.
The orc wizard shouts! x2; You hear a shout! x2
The orc wizard moves out of view.
The gnoll hits you with a whip.
* * * LOW HITPOINT WARNING * * *
An orc comes into view. It is wielding a mace of holy wrath.
You hit the orc.
The orc is heavily wounded.
The orc moves out of view.
The gnoll barely misses you.
A goblin comes into view. It is wielding a club.
An orc comes into view. It is wielding a hand axe.
The gnoll hits you but does no damage. The orc hits you.
* * * LOW HITPOINT WARNING * * *
The orc wizard gestures wildly while chanting.
The orc wizard flickers and vanishes!
Deactivating autopickup; reactivate with Ctrl-A.
Found a hunting sling.
The gnoll misses you.
The gnoll hits you from afar with a spear.
You die...

#.#####.# #.# #.#
#####.## #.# #......#
##.####### .)
#......# #........#
.... #....g.#
#..#####.#o.o..
#####.##
#....g.g.'o.....
#.####..##..o.#g.....
#.#.....##@####......
#.#.....##.# #####
#.#g....##.#
#.'.....##.#
###...#.##.#
#...#.##.# #...#.##..
####...... #...(


You could see an orc wizard, 2 gnolls and 3 orcs.

Vanquished Creatures
  A leopard gecko (D:2)
  A goblin (D:1)
  A hobgoblin (D:2)
  A kobold (D:3)
  2 bats (D:2)
  A frilled lizard (D:1)
  2 rats
9 creatures vanquished.

Notes
Turn   | Place    | Note
-------+----------+-------------------------------------------
     0 | D:1      | Amnesiac the Mummy Enchanter began the quest for the Orb.
     0 | D:1      | Reached XP level 1. HP: 13/13 MP: 4/4
     3 | D:1      | Noticed an electric eel
     3 | D:1      | Noticed an electric eel
   403 | D:3      | Reached XP level 2. HP: 11/19 MP: 4/6
   577 | D:3      | Learned a level 2 spell: Ensorcelled Hibernation
   874 | D:3      | Slain by a gnoll

Vault maps used:
D:1:      arrival_aquarium_b

Skill      XL: |  1 |
---------------+----+-----
Hexes          | 3 |  3.1
Spellcasting   | 3 |  3.0
Short Blades   | |  0.7
Dodging        | |  1.5
Stealth        | |  2.4

Action                   || total
-------------------------++-------
Melee: Dagger            ||    28
 Cast: Corona            ||     8
       Ensorcelled Hiber ||     9
 Stab: Sleeping          ||     2
Armor: Robe              ||     5
Dodge: Dodged            ||    31
